 Dungeon Crawl Stone Soup version 0.23.2-1-ga50397a (webtiles) character file.

Game seed: 14081073040589349788

86 Magicfruit the Shooter (level 4, -15/26 HPs)
             Began as a Deep Elf Hunter on May 30, 2019.
             Killed by divine providence
             ... invoked by an orc priest
              (16 damage)
             ... on level 3 of the Dungeon.
             The game lasted 00:06:02 (1810 turns).

Magicfruit the Shooter (Deep Elf Hunter)            Turns: 1810, Time: 00:06:03

Health: -15/26     AC:  4    Str:  9      XL:     4   Next: 26%
Magic:  6/6        EV: 12    Int: 16      God:
Gold:   96         SH:  0    Dex: 14 (16) Spells: 3/3 levels left

rFire    + . .     SeeInvis .   a - +1 shortbow
rCold    + . .     Gourm    .   (shield currently unavailable)
rNeg     . . .     Faith    .   c - +1 leather armour
rPois    .         Spirit   .   (no helmet)
rElec    .         Reflect  .   h - scarf {rC+ rF+}
rCorr    .         Harm     .   (no gloves)
MR       .....                  (no boots)
Stlth    ++........             (no amulet)
HPRegen  0.08/turn              (no ring)
MPRegen  0.10/turn              (no ring)

@: no status effects
A: no striking features
a: no special abilities


You were on level 3 of the Dungeon.
You were not hungry.

You visited 1 branch of the dungeon, and saw 3 of its levels.

You collected 96 gold pieces.

Inventory:

Hand Weapons
 a - a +1 shortbow (weapon)
 b - a +0 short sword
Missiles
 d - 15 arrows (quivered)
Armour
 c - a +1 leather armour (worn)
 h - a scarf of resistance (worn)
Scrolls
 e - 2 scrolls of identify
 i - a scroll of fog
Potions
 g - 2 potions of magic
 j - 2 potions of flight {unknown}
Comestibles
 f - 4 rations


   Skills:
 + Level 2.1 Fighting
 + Level 5.9 Bows
 + Level 0.3 Armour
 + Level 2.7 Dodging
 + Level 1.2 Stealth


You had 3 spell levels left.
You didn't know any spells.
Your spell library contained the following spells:

 Spells                   Type           Power        Failure   Level  Hunger
 Confusing Touch          Hex            #.....       34%         1    ##.....
 Confuse                  Hex            #.......     71%         3    ####...
 Gell's Gravitas          Tloc           #.........   71%         3    ####...
 Petrify                  Tmut/Erth      #.......     98%         4    #####..
 Metabolic Englaciation   Hex/Ice        #.........   100%        5    ######.
 Yara's Violent Unravell  Hex/Tmut       #.........   100%        5    ######.


Dungeon Overview and Level Annotations

Branches:
Dungeon (3/15)

Altars:


Message History

The orc misses you.
Firing (i - inventory)
d - 17 arrows (quivered)
Press: ? - help, Shift-Dir - straight line, f/p - orc
Aim: an orc, wielding a +0 short sword and wearing a +0 ring mail (heavily wounded)
You shoot an arrow. The arrow hits the orc!
You kill the orc!
The orc priest calls down the wrath of Beogh upon you.
Beogh smites you!
Ouch! That really hurt!
* * * LOW HITPOINT WARNING * * *
Firing (i - inventory)
d - 16 arrows (quivered)
Press: ? - help, Shift-Dir - straight line, f - orc
Aim: an orc, wearing a +0 chain mail You shoot an arrow.
The arrow hits the orc but does no damage.
The orc barely misses you.
The orc priest calls down the wrath of Beogh upon you.
Beogh smites you!
Ouch! That really hurt!
You die...

#.†#)#.#.#
#........##
#(.#.#.#..##
#########†.....)...##
........(.##.##.###>#
.######.####..(.#
.#### ......(.#
###..###.....
.#####..#
#.#.(..######. .#
#..# ..###@.........
## #..# ###
#o########.. #..# #)#
#... #o . .. .. .#.


You could see an orc priest and an orc.

Vanquished Creatures
  Jessica (D:2)
  An adder (D:3)
  2 worms (D:2)
  A leopard gecko (D:1)
  3 orcs (D:3)
  A ball python (D:1)
  4 bats
  3 goblins
  3 hobgoblins
  8 jackals (D:1)
  A frilled lizard (D:2)
  6 kobolds
  5 rats
39 creatures vanquished.

Notes
Turn   | Place    | Note
-------+----------+-------------------------------------------
     0 | D:1      | Magicfruit the Deep Elf Hunter began the quest for the Orb.
     0 | D:1      | Reached XP level 1. HP: 12/12 MP: 3/3
   341 | D:1      | Reached XP level 2. HP: 15/16 MP: 4/4
   411 | D:1      | Reached skill level 5 in Bows
  1127 | D:2      | Reached XP level 3. HP: 21/21 MP: 5/5
  1352 | D:2      | Noticed Jessica
  1359 | D:2      | Killed Jessica
  1655 | D:3      | Reached XP level 4. HP: 24/26 MP: 6/6
  1809 | D:3      | HP: 1/26 [orc priest/divine providence (15)]
  1810 | D:3      | Killed from afar by an orc priest

Skill      XL: |  1  2  3  4 |
---------------+-------------+-----
Bows           | 5 |  5.9
Fighting       | 2 |  2.1
Armour         | |  0.3
Dodging        | |  2.7
Stealth        | |  1.2

Action                   |  1- 3 |  4- 6 || total
-------------------------+-------+-------++-------
 Fire: Shortbow          |    91 |    29 ||   120
  Use: Scroll            |     7 |       ||     7
       Potion            |     3 |       ||     3
  Eat: Ration            |     1 |       ||     1
Armor: Leather armour    |    15 |     4 ||    19
Dodge: Dodged            |    30 |    14 ||    44
